Workbook

Sheet SDC Per Meter Size
A2: POTABLE WATER
A4: Meter Size
A5: 3/4" | B5: ='Charge Analysis'!B20*F36 -> 9043.6183
A6: 1" | B6: =B5*'Planning Data'!D35*F36 -> 15374.151
A7: 1 1/4 | B7: =B5*'Planning Data'!D36*F36 -> 22609.046
A8: 1 1/2" | B8: =B5*'Planning Data'!D37*F36 -> 29843.94
A9: 2" | B9: =B5*'Planning Data'!D38*F36 -> 47931.177
A10: 3" | B10: =B5*'Planning Data'!D39*F36 -> 90436.183
A11: 4" | B11: =B5*'Planning Data'!D40*F36 -> 151028.43
A12: 6" | B12: =B5*'Planning Data'!D41*F36 -> 298439.4
A13: 8" | B13: =B5*'Planning Data'!D42*F36 -> 479311.77
A17: NONPOTABLE WATER
A19: Meter Size
A20: 3/4" | B20: ='Charge Analysis'!B41*F36 -> 4065.9994
A21: 1" | B21: =B20*'Planning Data'!D35*F36 -> 6912.199
A22: 1 1/4 | B22: =B20*'Planning Data'!D36*F36 -> 10164.998 | U22: SFR | V22: SFR
A23: 1 1/2" | B23: =B20*'Planning Data'!D37*F36 -> 13417.798
A24: 2" | B24: =B20*'Planning Data'!D38*F36 -> 21549.797 | U24: 8822.04 | V24: 5695
A25: 3" | B25: =B20*'Planning Data'!D39*F36 -> 40659.994 | U25: 7120.47 | V25: 8367
A26: 4" | B26: =B20*'Planning Data'!D40*F36 -> 67902.19 | U26: 484.3 | V26: 621.34
A27: 6" | B27: =B20*'Planning Data'!D41*F36 -> 134177.98 | U27: 8400 | V27: 6700
A28: 8" | B28: =B20*'Planning Data'!D42*F36 -> 215497.97 | U28: =SUM(U24:U27) -> 24826.81 | V28: =SUM(V24:V27) -> 21383.34
E36: Multiplier | F36: 1

Sheet Charge Analysis
A1: Potable
B2: Total
A3: Reimbursement Cost Basis (1) | B3: ='Inventory of Current System'!D243 -> 32492009
A4: Growth Capacity Requirements (2) | B4: ='Planning Data'!B8 -> 4.61
A5: Unit Cost for Growth | B5: =B3/B4 -> 7048158.1
A8: Capacity per EDU | B8: ='Planning Data'!B24 -> 0.00053489284
A9: EDU=3/4" meter
A10: Reimbursement $/EDU | B10: =B8*B5 -> 3770.0093
A15: Improvement Cost Basis (3) | B15: =CIP!G45+CIP!G47 -> 45450856
A16: Growth Capacity Requirements (2) | B16: =B4 -> 4.61
A17: Unit Cost for Growth | B17: =B15/B16 -> 9859187.8
A18: Improvement$/EDU | B18: =B17*B8 -> 5273.609
A20: Total Potable SDC for 3/4" | B20: =B10+B18 -> 9043.6183
A23: Non Potable
B25: Total
A26: Reimbursement Cost Basis (1) | B26: ='[1]Inventory of Current System'!D251 -> 3546565.9
A27: Growth Capacity Requirements (2) | B27: ='Planning Data'!C8 -> 0.76
A28: Unit Cost | B28: =B26/B27 -> 4666534.1
A31: Capacity per EDU | B31: 0.00054677935
A33: Reimbursement $/EDU | B33: =B31*B28 -> 2551.5645
A36: Improvement Cost Basis (3) | B36: 2105000
A37: Growth Capacity Requirements (2) | B37: =B27 -> 0.76
A38: Unit Cost for Growth | B38: =B36/B37 -> 2769736.8
A39: Improvement$/EDU | B39: =B38*B31 -> 1514.4349
A41: Total NonPotable SDC for 3/4" | B41: =B33+B39 -> 4065.9994
A43: 1 - From the Inventory of Current System
A44: 2 - From the Planning Data
A45: 3 - From the CIP List

Sheet Planning Data
A1: Capacity Requirements (Needs) (mgd)
B3: Potable | C3: Non-Potable
A4: Current usage | B4: 4.5 | C4: 0.6
A6: Future | B6: 9.11 | C6: =0.6+0.12+0.34+0.01+0.06+0.13+0.1 -> 1.36
A8: Growth | B8: =B6-B4 -> 4.61 | C8: =C6-C4 -> 0.76
A11: Capacity
A13: Currently able to provide | B13: 8 | C13: =1.18 -> 1.18
A15: Available Capacity | B15: =B13-B4 -> 3.5 | C15: =C13-C4 -> 0.58
A16: Percentage | B16: =B15/B13 -> 0.4375 | C16: =C15/C13 -> 0.49152542
A21: EDU Capacity Requirements
A23: MDD per EDU | B23: =B4*1000000/E43 -> 534.89284
A24: Capacity Reqts per Equivalent | B24: =B23/1000000 -> 0.00053489284
A32: EDU Capacity Requirements (meter equivalents) | C32: Current meters (FY2018-19)
D33: ***
A34: 3/4" | C34: 6508 | D34: 1 | E34: =C34*D34 -> 6508
A35: 1" | C35: 211 | D35: 1.7 | E35: =C35*D35 -> 358.7
A36: 1 1/4 | C36: 0 | D36: =(D37-D35)/2+D35 -> 2.5 | E36: =C36*D36 -> 0
A37: 1 1/2" | C37: 90 | D37: 3.3 | E37: =C37*D37 -> 297
A38: 2" | C38: 123 | D38: 5.3 | E38: =C38*D38 -> 651.9
A39: 3" | C39: 28 | D39: 10 | E39: =C39*D39 -> 280
A40: 4" | C40: 19 | D40: 16.7 | E40: =C40*D40 -> 317.3
A41: 6" | C41: 0 | D41: 33 | E41: =C41*D41 -> 0
A42: 8" | C42: 1 | D42: 53 | E42: =C42*D42 -> 53 | F42: nonpotable
C43: =SUM(C34:C41) -> 6979 | E43: =SUM(E34:E42)-E42 -> 8412.9
A45: *** factor for capacity of the meter in relation to the 3/4" meter

Sheet Inventory of Current System
A1: Category | B1: Description of Asset | C1: Installed | D1: SDC Eligible Costs | E1: 2026/2027 Column 1 | F1: 2026/2027 Column 2 | G1: Non-potable Water | H1: Column 2024/2025 totals | I1: 2024/2025 Column 1 | J1: 2026/2027 Column 2
A2: Land | B2: Well Site 4 | C2: 25933 | D2: 8000 | E2: 0 | F2: =+D2-E2 -> 8000 | I2: 0 | J2: 8000
A3: Land | B3: Well Sites 1,2,3 | C3: 17898 | D3: 500 | E3: 0 | F3: =+D3-E3 -> 500 | I3: 0 | J3: 500
A4: Land | B4: Reynolds Spring | C4: 9132 | D4: 4000 | E4: 0 | F4: =+D4-E4 -> 4000 | I4: 0 | J4: 4000
A5: Land | B5: Otis Spring | C5: 25203 | D5: 10261 | E5: 0 | F5: =+D5-E5 -> 10261 | G5: Non-potable Water | H5: 1 | I5: 0 | J5: 10261
A6: Land | B6: Skelton Spring | C6: 15372 | D6: 2000 | E6: 0 | F6: =+D6-E6 -> 2000 | I6: 0 | J6: 2000
A7: Land | B7: Water Trmnt | C7: 18628 | D7: 1450 | E7: 0 | F7: =+D7-E7 -> 1450 | I7: 0 | J7: 1450
A8: Land | B8: Reservoir Site | C8: 21915 | D8: 450 | E8: 0 | F8: =+D8-E8 -> 450 | I8: 0 | J8: 450
A9: Equipment | B9: Motor Well 1 | C9: 25933 | D9: 22997 | E9: 22997 | F9: =+D9-E9 -> 0 | I9: 22997 | J9: 0
A10: Equipment | B10: Chlorinator (stored) | C10: 29951 | D10: 3214.56 | E10: 3214.56 | F10: =+D10-E10 -> 0 | I10: 3214.56 | J10: 0
A11: Equipment | B11: Effluent Valve | C11: 33238 | D11: 320 | E11: 320 | F11: =+D11-E11 -> 0 | I11: 320 | J11: 0
A12: Equipment | B12: Pump-Vertical 1 | C12: 25933 | D12: 12818 | E12: 12818 | F12: =+D12-E12 -> 0 | I12: 12818 | J12: 0
A13: Equipment | B13: Pump 3 | C13: 33238 | D13: 3000 | E13: 3000 | F13: =+D13-E13 -> 0 | I13: 3000 | J13: 0
A14: Equipment | B14: Pump-Vertical 2 | C14: 24472 | D14: 3087.5 | E14: 3087.5 | F14: =+D14-E14 -> 0 | I14: 3087.5 | J14: 0
A15: Equipment | B15: Flow Monitoring Sys Well 1,2,5,6 | C15: 33603 | D15: 3933 | E15: 3933 | F15: =+D15-E15 -> 0 | I15: 3933 | J15: 0
A16: Equipment | B16: Pipe Cutter | C16: 26298 | D16: 425 | E16: 425 | F16: =+D16-E16 -> 0 | I16: 425 | J16: 0
A17: Equipment | B17: Power Threader | C17: 26298 | D17: 500 | E17: 500 | F17: =+D17-E17 -> 0 | I17: 500 | J17: 0
... A27: Equipment | B27: Pump-submersible Well 5 | C27: 30681 | D27: 15656 | E27: 15656 | F27: =+D27-E27 -> 0 | I27: 15656 | J27: 0
A28: Buildings & Improvements | B28: Plant Piping-Otis | C28: 24472 | D28: 2307.5 | E28: 0 | F28: =+D28-E28 -> 2307.5 | G28: Non-potable Water | H28: 1 | I28: 0 | J28: 2307.5
A29: Buildings & Improvements | B29: Backwash Settling | C29: 23011 | D29: 180890 | E29: 0 | F29: =+D29-E29 -> 180890 | I29: 0 | J29: 180890
A30: Buildings & Improvements | B30: Sedimentation Basin | C30: 23011 | D30: 67765 | E30: 0 | F30: =+D30-E30 -> 67765 | I30: 0 | J30: 67765
A31: Buildings & Improvements | B31: Well 4 | C31: 23742 | D31: 2534 | E31: 0 | F31: =+D31-E31 -> 2534 | I31: 0 | J31: 2534
A32: Buildings & Improvements | B32: Well 3 | C32: 23742 | D32: 2719 | E32: 0 | F32: =+D32-E32 -> 2719 | I32: 0 | J32: 2719
A33: Buildings & Improvements | B33: Sedimentation Basin | C33: 18628 | D33: 49020 | E33: 0 | F33: =+D33-E33 -> 49020 | I33: 0 | J33: 49020
A34: Buildings & Improvements | B34: Reservoir 1 | C34: 22281 | D34: 341208 | E34: 0 | F34: =+D34-E34 -> 341208 | I34: 0 | J34: 341208
A35: Buildings & Improvements | B35: Bridge | C35: 21185 | D35: 354211.17 | E35: 0 | F35: =+D35-E35 -> 354211.17 | I35: 0 | J35: 354211.17
A36: Buildings & Improvements | B36: Reservoir 3 | C36: 12784 | D36: 12487 | E36: 0 | F36: =+D36-E36 -> 12487 | I36: 0 | J36: 12487
A37: Buildings & Improvements | B37: Filter Basin Addition | C37: 29586 | E37: 715286.63 | I37: 715286.63 | J37: 60325.37
A38: Buildings & Improvements | B38: Well 6 | C38: 29586 | D38: 15271 | E38: 0 | F38: =+D38-E38 -> 15271 | I38: 0 | J38: 15271
A39: Buildings & Improvements | B39: Reservoir 2 | C39: 28855 | D39: 815811 | E39: 0 | F39: =+D39-E39 -> 815811 | I39: 0 | J39: 815811
A40: Buildings & Improvements | B40: Otis Springs Fencing | C40: 28855 | D40: 3923.5 | E40: 0 | F40: =+D40-E40 -> 3923.5 | G40: Non-potable Water | H40: 1 | I40: 0 | J40: 3923.5
A41: Buildings & Improvements | B41: Paving, fencing | C41: 28490 | D41: 9659.6 | E41: 0 | F41: =+D41-E41 -> 9659.6 | I41: 0 | J41: 9659.6
A42: Buildings & Improvements | B42: Chlorine Bldg/Resvr | C42: 25933 | D42: 3525.6 | E42: 0 | F42: =+D42-E42 -> 3525.6 | I42: 0 | J42: 3525.6
A43: Buildings & Improvements | B43: Pump House | C43: 24472 | D43: 5460 | E43: 0 | F43: =+D43-E43 -> 5460 | I43: 0 | J43: 5460
A44: Buildings & Improvements | B44: Well 5 | C44: 29586 | D44: 14564 | E44: 0 | F44: =+D44-E44 -> 14564 | I44: 0 | J44: 14564
A45: Infrastructure | B45: FY 89-90 Water Lines | C45: 33238 | D45: 98239 | E45: 61890.57 | F45: =+D45-E45 -> 36348.43 | I45: 61890.57 | J45: 36348.43
A46: Infrastructure | B46: FY 34-35 Water Lines | C46: 13149 | D46: 13172 | E46: 13172 | F46: =+D46-E46 -> 0 | I46: 13172 | J46: 0
A47: Infrastructure | B47: FY 77-78 Water Lines | C47: 28855 | D47: 59502 | E47: 51766.74 | F47: =+D47-E47 -> 7735.26 | I47: 51766.74 | J47: 7735.26
A48: Infrastructure | B48: FY 70-71 Water Lines | C48: 26298 | D48: 12560 | E48: 12560 | F48: =+D48-E48 -> 0 | I48: 12560 | J48: 0
A49: Infrastructure | B49: FY 76-77 Water Lines | C49: 28490 | D49: 57125 | E49: 50841.25 | F49: =+D49-E49 -> 6283.75 | I49: 50841.25 | J49: 6283.75
A50: Infrastructure | B50: FY 72-73 Water Lines | C50: 27029 | D50: 34907 | E50: 33859.79 | F50: =+D50-E50 -> 1047.21 | I50: 33859.79 | J50: 1047.21
A51: Infrastructure | B51: FY 75-76 Water Lines | C51: 28125 | D51: 51169 | E51: 46563.79 | F51: =+D51-E51 -> 4605.21 | I51: 46563.79 | J51: 4605.21
A52: Infrastructure | B52: FY 91-92 Water Lines | C52: 33603 | D52: 697360 | E52: 425389.6 | F52: =+D52-E52 -> 271970.4 | I52: 425389.6 | J52: 271970.4
... A64: Infrastructure | B64: FY 88-89 Water Lines | C64: 32873 | D64: 72963 | E64: 47425.95 | F64: =+D64-E64 -> 25537.05 | I64: 47425.95 | J64: 25537.05
A65: Land | B65: Oliver Spring 1896 | C65: 01/01/1896 | D65: 2100 | E65: 0 | F65: =+D65-E65 -> 2100 | I65: 0 | J65: 2100
A66: Land | B66: Reservoir Site | C66: 2470 | D66: 200 | E66: 0 | F66: =+D66-E66 -> 200 | I66: 0 | J66: 200
A67: Land | B67: Snyder Spring | C67: 1828 | D67: 1000 | E67: 0 | F67: =+D67-E67 -> 1000 | I67: 0 | J67: 1000
A68: Equipment | B68: Level Indicator-water | C68: 34150 | D68: 446.14 | E68: 446.14 | F68: =+D68-E68 -> 0 | I68: 446.14 | J68: 0
A69: Land | B69: Oliver Spring-Bell Rd | C69: 33974 | D69: 131313.6 | E69: 0 | F69: =+D69-E69 -> 131313.6 | I69: 0 | J69: 131313.6
A70: Buildings & Improvements | B70: Well sites | C70: 34150 | D70: 480472.5 | E70: 0 | F70: =+D70-E70 -> 480472.5 | I70: 0 | J70: 480472.5
A71: Infrastructure | B71: FY 92-93 Water lines | C71: 34150 | D71: 213466 | E71: 125944.94 | F71: =+D71-E71 -> 87521.06 | I71: 125944.94 | J71: 87521.06
A72: Buildings & Improvements | B72: Well 4-Rehabilitation | C72: 33603 | D72: 1026 | E72: 1026 | F72: =+D72-E72 -> 0 | I72: 1026 | J72: 0
A73: Buildings & Improvements | B73: Well 4-Rehabilitation | C73: 33603 | D73: 7698 | E73: 7698 | F73: =+D73-E73 -> 0 | I73: 7698 | J73: 0
A74: Buildings & Improvements | B74: Chlorine Rm Doors | C74: 33238 | D74: 4750 | E74: 4750 | F74: =+D74-E74 -> 0 | I74: 4750 | J74: 0
A75: Equipment | B75: Valve 2 | C75: 34393 | D75: 503.73 | E75: 503.73 | F75: =+D75-E75 -> 0 | I75: 503.73 | J75: 0
A76: Equipment | B76: Valve 3 | C76: 34393 | D76: 520.16 | E76: 520.16 | F76: =+D76-E76 -> 0 | I76: 520.16 | J76: 0
A77: Infrastructure | B77: Addition-Valeri Park Water Lines | C77: 34365 | D77: 778.5 | E77: 443.9 | F77: =+D77-E77 -> 334.6 | I77: 443.9 | J77: 334.6
... A91: Equipment | B91: Well 4 Upgrades | C91: 35976 | D91: 3564 | E91: 3564 | F91: =+D91-E91 -> 0 | I91: 3564 | J91: 0
A92: Buildings & Improvements | B92: WTP 97-98 | C92: 35976 | E92: 316848.6 | I92: 316848.6 | J92: 71129.16
A93: Equipment | B93: Variable Speed Drv | C93: 35976 | D93: 72258.26 | E93: 72258.26 | F93: =+D93-E93 -> 0 | I93: 72258.26 | J93: 0
A94: Buildings & Improvements | B94: Well Field 97-98 | C94: 35976 | D94: 36201.94 | E94: 19710.09 | F94: =+D94-E94 -> 16491.85 | I94: 19710.09 | J94: 16491.85
A95: Infrastructure | B95: FY 97-98 Water Lines | C95: 35976 | D95: 90500.8 | E95: 44345.45 | F95: =+D95-E95 -> 46155.35 | I95: 44345.45 | J95: 46155.35
A96: Buildings & Improvements | B96: Exhaust Fans | C96: 36217 | D96: 7913 | E96: 7913 | F96: =+D96-E96 -> 0 | I96: 7913 | J96: 0
A97: Infrastructure | B97: FY 1998-99 Water Lines | C97: 36341 | D97: 60161.99 | E97: 28276.29 | F97: =+D97-E97 -> 31885.7 | I97: 28276.29 | J97: 31885.7
A98: Equipment | B98: Power Drive | C98: 36557 | D98: 4484.84 | E98: 4484.84 | F98: =+D98-E98 -> 0 | I98: 4484.84 | J98: 0
A99: Equipment | B99: Handheld Meter Reader | C99: 36644 | D99: 7250 | E99: 7250 | F99: =+D99-E99 -> 0 | I99: 7250 | J99: 0
A100: Equipment | B100: Data Link Cards 1 | C100: 36364 | D100: 1686.25 | E100: 1686.25 | F100: =+D100-E100 -> 0 | I100: 1686.25 | J100: 0
A101: Equipment | B101: Data Link Cards 2 | C101: 36364 | D101: 1686.25 | E101: 1686.25 | F101: =+D101-E101 -> 0 | I101: 1686.25 | J101: 0
A102: Equipment | B102: Grating/Handrail | C102: 36535 | D102: 5824 | E102: 5824 | F102: =+D102-E102 -> 0 | I102: 5824 | J102: 0
A103: Equipment | B103: Ladder & Catwalk | C103: 36535 | D103: 5148 | E103: 5148 | F103: =+D103-E103 -> 0 | I103: 5148 | J103: 0
A104: Equipment | B104: Monorail Modifications | C104: 36535 | D104: 2250 | E104: 2250 | F104: =+D104-E104 -> 0 | I104: 2250 | J104: 0
... A138: Equipment | B138: Folder/Inserter | C138: 38564 | D138: 7900 | E138: 7900 | F138: =+D138-E138 -> 0 | I138: 7900 | J138: 0
A139: Equipment | B139: Power Panel at Otis Springs | C139: 38898 | D139: 10625 | E139: 8765.78 | F139: =+D139-E139 -> 1859.22 | G139: Non-potable Water | H139: 0.17 | I139: 8765.78 | J139: 1859.22
A140: Infrastructure | B140: FY 2005-06 City Water Lines | C140: 38898 | D140: 212356 | E140: 0 | F140: =+D140-E140 -> 212356 | I140: 0 | J140: 212356
A141: Buildings & Improvements | B141: Otis Springs Electrical Upgrade | C141: 39263 | D141: 19414 | E141: 0 | F141: =+D141-E141 -> 19414 | I141: 0 | J141: 19414
A142: Equipment | B142: WTP Security Camera System | C142: 39263 | D142: 25010 | E142: 25010 | F142: =+D142-E142 -> 0 | I142: 25010 | J142: 0
A143: Infrastructure | B143: Otis Springs Water Line | C143: 39263 | D143: 381946 | E143: 0 | F143: =+D143-E143 -> 381946 | I143: 0 | J143: 381946
A144: Infrastructure | B144: Water Line Oversizing 2006-07 | C144: 39263 | D144: 68394 | E144: 21202.14 | F144: =+D144-E144 -> 47191.86 | I144: 21202.14 | J144: 47191.86
A145: Equipment | B145: Otis Springs Flow Meter | C145: 39263 | D145: 5528 | E145: 5528 | F145: =+D145-E145 -> 0 | I145: 5528 | J145: 0
A146: Equipment | B146: Wireless bridge WTP | C146: 39629 | D146: 10479 | E146: 10479 | F146: =+D146-E146 -> 0 | I146: 10479 | J146: 0
A147: Equipment | B147: Pump and Motor for Well #2 | C147: 39629 | D147: 8846 | E147: 8846 | F147: =+D147-E147 -> 0 | I147: 8846 | J147: 0
A148: Infrastructure | B148: Parallel River Line | C148: 39629 | D148: 3191301 | E148: 0 | F148: =+D148-E148 -> 3191301 | I148: 0 | J148: 3191301
A149: Buildings & Improvements | B149: Well #8 | C149: 39629 | D149: 809628 | E149: 0 | F149: =+D149-E149 -> 809628 | I149: 0 | J149: 809628
A150: Infrastructure | B150: Water Line-N Arterial S-Curve | C150: 39629 | D150: 1027555 | E150: 0 | F150: =+D150-E150 -> 1027555 | I150: 0 | J150: 1027555
A151: Equipment | B151: City-Wide Wireless Network-Water | C151: 39994 | D151: 28944 | E151: 0 | F151: =+D151-E151 -> 28944 | I151: 0 | J151: 28944
... A153: Equipment | B153: Cell casing for sodium hypochlorite gen | C153: 39994 | D153: 0 | E153: 0 | F153: =+D153-E153 -> 0 | I153: 0 | J153: 0
A154: Infrastructure | B154: Alice Way LID Water Lines | C154: 39994 | E154: 25281.45 | I154: 25281.45 | J154: 68353.55
A155: Buildings & Improvements | B155: Effluent Reuse Facility-Water | C155: 39994 | D155: 1931599 | E155: 1303829.5 | F155: =+D155-E155 -> 627769.54 | G155: Non-potable Water | H155: 0.33 | I155: 1303829.5 | J155: 627769.54
A156: Infrastructure | B156: Effluent Reuse Pipelines-Water | C156: 39994 | D156: 436690 | E156: 117906.3 | F156: =+D156-E156 -> 318783.7 | G156: Non-potable Water | H156: 0.73 | I156: 117906.3 | J156: 318783.7
A157: Buildings & Improvements | B157: Effluent Reuse Membrane-Water | C157: 39994 | D157: 382000 | E157: 257850 | F157: =+D157-E157 -> 124150 | G157: Non-potable Water | H157: 0.32 | I157: 257850 | J157: 124150
A158: Equipment | B158: Engineering Server | C158: 40359 | D158: 9624 | E158: 9624 | F158: =+D158-E158 -> 0 | I158: 9624 | J158: 0
A159: Infrastructure | B159: Spring Improvements | C159: 40359 | D159: 473351 | E159: 118337.75 | F159: =+D159-E159 -> 355013.25 | G159: Non-potable Water | H159: 0.75 | I159: 118337.75 | J159: 355013.25
A160: Buildings & Improvements | B160: Wellfield Control Building Well #3 | C160: 41090 | D160: 89590 | E160: 20904.34 | F160: =+D160-E160 -> 68685.66 | I160: 20904.34 | J160: 68685.66
A161: Equipment | B161: Heat Pump Well #3 | C161: 41090 | D161: 9690 | E161: 9690 | F161: =+D161-E161 -> 0 | I161: 9690 | J161: 0
A162: Infrastructure | B162: Water Lines 2011-12 (City) | C162: 41090 | D162: 57026 | E162: 0 | F162: =+D162-E162 -> 57026 | I162: 0 | J162: 57026
A163: Equipment | B163: Snider Springs Electrical Panel | C163: 41455 | D163: 21936 | E163: 21936 | F163: =+D163-E163 -> 0 | I163: 21936 | J163: 0
A164: Equipment | B164: Furniture | C164: 41820 | D164: 7290.25 | E164: 6561.23 | F164: =+D164-E164 -> 729.02 | I164: 6561.23 | J164: 729.02
A165: Equipment | B165: Cisco/Smartnet Network | C165: 41820 | D165: 25636.06 | E165: 25636.06 | F165: =+D165-E165 -> 0 | I165: 25636.06 | J165: 0
A166: Equipment | B166: Submersible Pump Well #4 | C166: 41963 | D166: 79029.03 | E166: 79029.03 | F166: =+D166-E166 -> 0 | I166: 79029.03 | J166: 0
A167: Equipment | B167: Vivax Video Inspec Camera | C167: 42185 | D167: 1981.58 | E167: 1981.58 | F167: =+D167-E167 -> 0 | I167: 1981.58 | J167: 0
...

Sheet CIP
A1: Project | B1: 0-5 Years | C1: 5-10 Years | D1: 10-20 Years | E1: Cost Estimate | F1: % SDC Eligible | G1: $ Eligible
A2: 2 mgd redundant supply development | B2: In design only | C2: 3915000 | E2: 3915000 | F2: 0.495 | G2: =IFERROR(E2*F2,0) -> 1937925
A3: Seismic resilience - add emergency conection and controls at existing WTP | C3: 600000 | E3: 600000 | F3: 0.496 | G3: =IFERROR(E3*F3,0) -> 297600
A4: New Groundwater Treatment Plant (price increase 2025) | C4: 40000000 | E4: 40000000 | F4: 0.495 | G4: =IFERROR(E4*F4,0) -> 19800000
A5: Bell East Pump Station - Zone 3 constant pressure | C5: 2605000 | E5: 2605000 | F5: 0.97 | G5: =IFERROR(E5*F5,0) -> 2526850
A6: Bell West Pump Station - Zone 2 constant pressure; mains Bell West P.S. to Veritas School M-14, M-15 | B6: In design only | C6: 2017104 | E6: 2017104 | F6: 0.97 | G6: =IFERROR(E6*F6,0) -> 1956590.9
A7: Seismic Upgrades to pipes | E7: 1500000 | F7: 0.115 | G7: =IFERROR(E7*F7,0) -> 172500
A8: Upsize existing mains; construct new distribution loops to improve fire flow capacity | B8: M6 complete | C8: 2085000 | D8: 569000 | E8: 2654000 | F8: 0.5 | G8: =IFERROR(E8*F8,0) -> 1327000
A9: NE Zimri Drive Zone 3 distribution backbone within UGB | B9: 2024 | C9: 413000 | E9: 413000 | F9: 0.5 | G9: =IFERROR(E9*F9,0) -> 206500
A10: Upsize existing 6-inch mains to 8-inch mains on S Main, S Lincoln, W 4th, W 5th Streets | C10: 624000 | E10: 624000 | F10: 0.44510829 | G10: =IFERROR(E10*F10,0) -> 277747.57
A11: Upsize existing 4- and 6-inch mains to 12-inch mains on S Blaine Street | D11: 633000 | E11: 633000 | F11: 0.76500578 | G11: =IFERROR(E11*F11,0) -> 484248.66
A12: Upsize existing 6-inch main to 8-inch main in S College Street north of E 9th Street | D12: 6000 | E12: 6000 | F12: 0.44510829 | G12: =IFERROR(E12*F12,0) -> 2670.6497
A13: Upsize existing 6-inch mains to 12-inch mains in E 9th Street, Charles Street, and S College Street | D13: 725000 | E13: 725000 | F13: 0.75067114 | G13: =IFERROR(E13*F13,0) -> 544236.58
A14: Upsize existing 6-inch main to 8-inch main in S Meridian Street north of E 5th Street | B14: 16000 | E14: 16000 | F14: 0.44510829 | G14: =IFERROR(E14*F14,0) -> 7121.7326
A15: Upsize existing 6-inch main to 12-inch main in S Meridian Street | B15: 329000 | E15: 329000 | F15: 0.75067114 | G15: =IFERROR(E15*F15,0) -> 246970.81
A16: Upsize existing 4- and 6-inch mains to 12-inch mains in E 7th Street, S Pacific Street, E 9th Street, and Paradise Drive | C16: 913000 | E16: 913000 | F16: 0.77115968 | G16: =IFERROR(E16*F16,0) -> 704068.79
A17: Upsize existing 6-inch mains to 12-inch mains in S River Street | D17: 676000 | E17: 676000 | F17: 0.75067114 | G17: =IFERROR(E17*F17,0) -> 507453.69
A18: Upsize existing 6-inch mains to 12-inch mains in E 5th Street | C18: 204000 | E18: 204000 | F18: 0.75067114 | G18: =IFERROR(E18*F18,0) -> 153136.91
A19: Upsize existing 6-inch main to 8-inch main from E 11th Street to the Boston Square Apartments | C19: 58000 | E19: 58000 | F19: 0.44510829 | G19: =IFERROR(E19*F19,0) -> 25816.281
A20: New water mains to serve future development in Riverfront area | D20: 963000 | E20: 963000 | F20: 1 | G20: =IFERROR(E20*F20,0) -> 963000
A21: Upsize existing 6-inch S College St main to 8-inch main to serve future Riverfront development | D21: 172000 | E21: 172000 | F21: 0.44510829 | G21: =IFERROR(E21*F21,0) -> 76558.626
A22: Upsize existing 6-inch River and 11th St mains to 12-inch mains to serve future Riverfront development | D22: 330000 | E22: 330000 | F22: 0.75067114 | G22: =IFERROR(E22*F22,0) -> 247721.48
A23: Seismic resilience - cast iron and concrete pipe replacement | D23: 500000 | E23: 500000 | F23: 0.19 | G23: =IFERROR(E23*F23,0) -> 95000
A24: Chehalem Drive water system extension west and north to Columbia Drive | D24: 721000 | E24: 721000 | F24: 1 | G24: =IFERROR(E24*F24,0) -> 721000
A25: College Street WL to Mountain View | C25: 568000 | E25: 568000 | F25: 0.1 | G25: =IFERROR(E25*F25,0) -> 56800
A26: 1.7 MG Bell Road Reservoir - Zone 3 | D26: 2886000 | E26: 2886000 | F26: 0.97 | G26: =IFERROR(E26*F26,0) -> 2799420
A27: Zimri Dr. E transmission main to Bell Rd Reservoir | D27: 3078000 | E27: 3078000 | F27: 0.97 | G27: =IFERROR(E27*F27,0) -> 2985660
A28: Bell Rd W transmission main - N College Street to Zimri Dr. | D28: 2678000 | E28: 2678000 | F28: 0.97 | G28: =IFERROR(E28*F28,0) -> 2597660
A29: Water Management & Conservation Plan update | D29: 150000 | E29: 150000 | F29: 0.495 | G29: =IFERROR(E29*F29,0) -> 74250
A30: Water System Master Plan update | E30: 300000 | F30: 0.495 | G30: =IFERROR(E30*F30,0) -> 148500
A31: AWIA Risk & Resilience Assessment | C31: 280000 | E31: 280000 | F31: 0.495 | G31: =IFERROR(E31*F31,0) -> 138600
A32: Seismic resilience planning | D32: 200000 | E32: 200000 | F32: 0.495 | G32: =IFERROR(E32*F32,0) -> 99000
A33: Public Works Maintenance Facility Master Plan | B33: Complete | C33: 844145 | E33: 844145 | F33: 0.2 | G33: =IFERROR(E33*F33,0) -> 168829
A34: Fleet Mechanic Building (est completion '27-'28) spread across all 4 SDC models at 20% | E34: 0 | F34: 0.2 | G34: =IFERROR(E34*F34,0) -> 0
A36: Subtotal | E36: =SUM(E2:E35) -> 71558249 | G36: =SUM(G2:G35) -> 42350437
A37: Other
A38: North non-potable water line and Otis Springs pumping improvements | D38: 2105000 | E38: 2105000 | F38: 1 | G38: =E38*F38 -> 2105000
A40: Subtotal | E40: 2105000 | G40: 2232563
E43: Existing Reserves | G43: 364581
G45: =G36-G43 -> 41985856
A47: Interest for WIFIA Load (or similar loan) | E47: 7000000 | F47: 0.495 | G47: 3465000
